 Dungeon Crawl Stone Soup version 0.30-a0-439-g9e77e4d916 (webtiles) character file.

Game seed: 16878885203236454065

3883 MackTheKnife the Carver (level 10, -8/76 HPs)
             Began as a Merfolk Warper on Dec 10, 2022.
             Was an Initiate of the Shining One.
             Engulfed by a fire crab's flame (17 damage)
             ... on level 7 of the Dungeon.
             The game lasted 00:14:43 (8962 turns).

MackTheKnife the Carver (Merfolk Warper)            Turns: 8962, Time: 00:14:44

Health: -8/76      AC:  7    Str: 13    XL:     10   Next: 19%
Magic:  13/13      EV: 15    Int: 18    God:    the Shining One [......]
Gold:   194        SH:  0    Dex: 19    Spells: 11/13 levels left

rFire   . . .      SeeInvis +    v - +4 great sword (freeze) {long}
rCold   . . .      Faith    .    (shield currently unavailable)
rNeg    . . .      Spirit   .    A - +0 ring mail
rPois   .          Reflect  .    (no helmet)
rElec   +          Harm     .    (no cloak)
rCorr   +          Rampage  .    l - +1 pair of gloves
Will    .....                    (no boots)
Stlth   +.........               (no amulet)
HPRegen 0.32/turn                q - ring of Youthful Indiscretion {rCorr Int+6}
MPRegen 0.13/turn                K - ring of Descent {Contam rElec Dex+2 SInv}

@: glowing
A: (nimble swimmer 2), mertail
a: Renounce Religion


You were on level 7 of the Dungeon.
You worshipped the Shining One.
The Shining One was noncommittal.
You visited 2 branches of the dungeon, and saw 10 of its levels.

You collected 314 gold pieces.
You spent 120 gold pieces at shops.


Innate Abilities, Weirdness & Mutations

((You are very nimble when in or above water. (Stealth+, EV+, Speed+++)))
Your lower body shifts to a powerful aquatic tail in water.


   Skills:
 - Level 6.0 Fighting
 + Level 14.5 Long Blades
 - Level 1.0 Throwing
 - Level 0.6 Armour
 - Level 7.7 Dodging
 - Level 2.0 Spellcasting
 - Level 2.4 Translocations


You had 11 spell levels left.
You knew the following spells:

 Your Spells              Type           Power      Damage    Failure   Level
a - Blink                 Tloc           20%        N/A       22%         2

Your spell library contained the following spells:

 Spells                   Type           Power      Damage    Failure   Level
 Shock                    Conj/Air       4%         1d3       36%         1
 Sting                    Tmut/Pois      4%         1d3       36%         1
 Lesser Beckoning         Tloc           20%        N/A       41%         3
 Teleport Other           Tloc           10%        N/A       41%         3
 Ensorcelled Hibernation  Hex/Ice        2%         N/A       50%         2
 Poisonous Vapours        Pois/Air       2%         N/A       50%         2
 Static Discharge         Conj/Air       2%         2-3/arc   50%         2
 Vhi's Electric Charge    Tloc/Air       12%        N/A       56%         3
 Ozocubu's Armour         Ice            1%         N/A       75%         3
 Spider Form              Tmut/Pois      1%         N/A       75%         3
 Swiftness                Air            1%         N/A       75%         3
 Manifold Assault         Tloc           10%        N/A       82%         4
 Airstrike                Air            0%         2d(1-17)  98%         4
 Anguish                  Hex/Necr       0%         N/A       98%         4
 Olgreb's Toxic Radiance  Pois           1%         N/A       98%         4
 Arcjolt                  Conj/Air       0%         1d10      100%        5
 Lightning Bolt           Conj/Air       0%         1d11      100%        5
 Metabolic Englaciation   Hex/Ice        0%         N/A       100%        5
 Simulacrum               Ice/Necr       0%         N/A       100%        6
 Malign Gateway           Summ/Tloc      3%         N/A       100%        7
 Summon Horrible Things   Summ           0%         N/A       100%        8

Inventory:

Hand Weapons
 v - a +4 great sword of freezing (weapon) {long}
   (You took it off a wight on level 6 of the Dungeon)
 P - a +2 flail {mace}
   (You took it off a wight on level 6 of the Dungeon)
Missiles
 d - 7 boomerangs of dispersal {=f!fthrowing}
Armour
 g - a +0 robe
   (You found it on level 1 of the Dungeon)
 i - a +0 robe
   (You found it on level 1 of the Dungeon)
 k - a +0 pair of boots
   (You found it on level 5 of the Dungeon)
 l - a +1 pair of gloves (worn)
   (You found it on level 1 of the Dungeon)
 o - a +0 leather armour
   (You found it on level 1 of the Dungeon)
 u - a +0 robe
   (You took it off a wight on level 6 of the Dungeon)
 w - a +0 ring mail
   (You found it on level 5 of the Dungeon)
 y - a +0 chain mail
   (You found it on level 2 of the Dungeon)
 z - a +0 chain mail
   (You found it on level 3 of the Dungeon)
 A - a +0 ring mail (worn)
   (You found it on level 3 of the Dungeon)
 B - a +0 robe
   (You found it on level 3 of the Dungeon)
 C - a +0 robe
   (You took it off a wight on level 6 of the Dungeon)
 D - a +0 chain mail
   (You took it off an orc on level 3 of the Dungeon)
 E - a +0 leather armour
   (You found it on level 3 of the Dungeon)
 F - a +0 leather armour
   (You found it on level 4 of the Dungeon)
 G - a +0 robe
   (You took it off a wight on level 6 of the Dungeon)
 I - a +1 robe of willpower
   (You took it off Blork the orc on level 5 of the Dungeon)
 L - a +0 plate armour
   (You took it off an orc warrior on level 7 of the Dungeon)
 M - a +0 robe
   (You found it on level 5 of the Dungeon)
 N - a +0 robe
   (You took it off a wight on level 5 of the Dungeon)
 O - a +0 robe
   (You took it off a wight on level 6 of the Dungeon)
 Q - a +0 robe
   (You took it off a wight on level 6 of the Dungeon)
 R - a +0 robe
   (You took it off an orc wizard on level 6 of the Dungeon)
 S - a +2 pair of gloves
   (You found it on level 6 of the Dungeon)
 U - a +0 scale mail
   (You took it off an orc on level 6 of the Dungeon)
 V - a +0 leather armour
   (You took it off an orc on level 6 of the Dungeon)
 X - a +0 ring mail
   (You found it on level 9 of the Dungeon)
 Z - a +0 robe
   (You took it off a wight on level 6 of the Dungeon)
Magical Staves
 f - a staff of conjuration {!a@e2staff}
   (You found it on level 1 of the Dungeon)
Jewellery
 m - a ring of positive energy
   (You found it on level 1 of the Dungeon)
 q - the ring of Youthful Indiscretion (left hand) {rCorr Int+6}
   (You found it on level 2 of the Dungeon)

   [ring of intelligence]

   Int:       It affects your intelligence (+6).
   rCorr:     It protects you from acid and corrosion.
 K - the ring of Descent (right hand) {Contam rElec Dex+2 SInv}
   (You found it on level 5 of the Dungeon)

   [ring of see invisible]

   Dex:       It affects your dexterity (+2).
   rElec:     It insulates you from electricity.
   SInv:      It lets you see invisible.
   Contam:    It causes magical contamination when unequipped.
Wands
 j - a wand of polymorph (13)
   (You took it off Grinder on level 3 of the Dungeon)
 p - a wand of flame (16)
   (You found it on level 7 of the Dungeon)
Scrolls
 c - 2 scrolls of blinking {!r}
 h - 3 scrolls of immolation {!r!r}
 n - 2 scrolls of amnesia
 r - a scroll of butterflies
 J - 4 scrolls of poison {!r}
 Y - 2 scrolls of teleportation {@r4}
Potions
 a - 2 potions of lignification {!q}
 b - 2 potions of might
 e - 4 potions of heal wounds {@q2}
 s - 2 potions of magic
 t - a potion of flight {unknown}
 x - a potion of attraction {!q}
 H - a potion of mutation {unknown}
 W - 2 potions of brilliance {unknown}

Dungeon Overview and Level Annotations

Branches:
Dungeon (9/15) Zot: 24853  Temple (1/1) D:7 Zot: 5986    Lair (0/5) D:8
    Orc: D:9-12

Altars:
Ashenzari
Elyvilon
Gozag
Hepliaklqana
Kikubaaqudgha
Makhleb
Nemelex Xobeh
Okawaru
Qazlal
Ru
Trog
Uskayaw
Vehumet
Wu Jian
Xom
Yredelemnul
Zin
The Shining One

Shops:
D:4

! .#+#.#
#........#....##..#
...#.#
##.##'#.##.##.##..#
####.# #....#.##.##.#...#
.....# ##...#....##.#####
######### ###########.#
#..)....# #.°°#°°.....#
#.#####.#####.#°#°#######
#.# #..)))..#°#°# ..#
#########t@°# ### #####


You could see a fire crab.


Message History

😨 HP[-8]
You take 8 damage, and now have 36/76 hp.
Unknown command.
You slash Joseph! You freeze Joseph. Joseph barely misses you.
Unknown command.
You slash Joseph! You freeze Joseph.
You kill Joseph!
Unknown command.
You slash the jelly! You freeze the jelly!
Your hands burn!
* * * LOW HITPOINT WARNING * * *
The jelly misses you. 😨 HP[-1]
You take 1 damage, and now have 35/76 hp.
Unknown command.
You hit the jelly. You freeze the jelly.
You kill the jelly!
You start resting. 😎 HP[+41]
Your hp is fully restored (76).
Items here: )) [ †.
You now have 194 gold pieces (gained 8).
Key pressed, stopping explore.
Key pressed, stopping explore.
Items here: )) [ †.
Items here: )))) ?.
Items here: )))) ?.
Key pressed, stopping explore.
Your legs become a tail as you enter the water.
You sink to the bottom.
Your legs become a tail as you enter the water.
You sink to the bottom.
Key pressed, stopping explore.
You open the door.
There is an open door here.
Done exploring.
Done exploring.
(D) Dungeon (T) Temple (L) Lair
Where to? (Enter - D:7, ? - help)
What level of the Dungeon? (default 1, ? - help)
You see here a +2 vorpal falchion {long}.
Things that are here:
a +0 club {mace}; a +0 leather armour You see here a +0 glaive {polearm}.
Things that are here:
a +0 dagger {short}; a +0 robe
There is a stone staircase leading down here.
You climb downwards.
You hear the hiss of flowing sand.
There is an entrance to an ossuary on this level.
Hurry and find it before the portal is buried!
The walls and floor vibrate strangely for a moment.
Found 2 viscous blue potions and a potion of heal wounds.
Found a staircase to the Lair.
There is a stone staircase leading up here.
Unknown command.
Unknown command.
Unknown command.
An orc warrior comes into view. It is wielding a +0 halberd.
The orc warrior shouts!
You hear a shout!
An orc priest comes into view. It is wielding a +0 hand axe.
An orc wizard comes into view. It is wielding a +0 dagger.
The orc wizard shouts!
The orc warrior hits you from afar with a +0 halberd.
The orc priest calls down the wrath of Beogh upon you.
Beogh smites you!
The orc wizard gestures at you while chanting.
You easily resist. 😕 HP[-18]
You take 18 damage, and now have 58/76 hp.
MASSIVE DAMAGE!! (PAUSE)
The orc priest mumbles some strange prayers to Beogh against you.
Beogh smites you!
There is a stone staircase leading up here. 😮 HP[-12]
You take 12 damage, and now have 46/76 hp.
The fire crab breathes flames at you. The blast of flame misses you.
The orc warrior hits you from afar with a +0 halberd!
* * * LOW HITPOINT WARNING * * *
You climb upwards.
There is a stone staircase leading down here. 😨 HP[-15]
You take 15 damage, and now have 31/76 hp.
Unknown command.
You closely miss the fire crab.
The fire crab bites you but does no damage.
The fire crab misses you.
You hit the fire crab but do no damage. The fire crab breathes flames at you.
The blast of flame engulfs you but does no damage.
Unknown command.
Unknown command.
You slash the fire crab! You freeze the fire crab.
You are engulfed in blazing flames.
* * * LOW HITPOINT WARNING * * *
😱 HP[-22]
You take 22 damage, and now have 9/76 hp.
MASSIVE DAMAGE!! (PAUSE)
You slash the fire crab! You freeze the fire crab!
You are engulfed in blazing flames.
You die...

Skill      XL: |  1  2  3  4  5  6  7  8  9 10 |
---------------+-------------------------------+-----
Long Blades    | 3 4 5 7 8 10 12 13 14 | 14.5
Dodging        | 3 4 7 |  7.7
Fighting       | 6 |  6.0
Throwing       | |  1.0
Armour         | |  0.6
Spellcasting   | |  2.0
Translocations | |  2.4

Action                   |  1- 3 |  4- 6 |  7- 9 | 10-12 || total
-------------------------+-------+-------+-------+-------++-------
Melee: Falchion          |   140 |   162 |       |       ||   302
       Punch             |     1 |     2 |       |       ||     3
       Great sword       |       |    11 |   239 |    26 ||   276
       Tailslap          |       |       |     2 |       ||     2
Throw: Throwing net      |       |       |     2 |       ||     2
Evoke: Wand              |       |       |     3 |       ||     3
  Use: Potion            |       |     3 |     3 |       ||     6
       Scroll            |       |     9 |     9 |       ||    18
 Stab: Sleeping          |       |       |     1 |       ||     1
Armor: Leather armour    |    47 |    26 |       |       ||    73
       Ring mail         |       |    19 |    57 |     5 ||    81
       Skin              |       |     3 |       |       ||     3
Dodge: Dodged            |    81 |    80 |   165 |    13 ||   339

Levels and vault maps discovered:
D:1:      dpeg_arrival_connections, layout_loops_cross, kennysheep_another_room,
          minmay_pentomino_x2
D:2:      layout_loops_cross, serial_glass, glass_columns_a, glass_columns_a
D:3:      layout_rooms, kennysheep_generic_room_7, uniq_grinder
D:4:      layout_basic, kennysheep_mini, serial_shops, shop, uniq_natasha
D:5:      layout_basic, marbit_many_paths, evilmike_ruin_ashenzari,
          reono_crystal_passage, uniq_blork_the_orc
D:6:      layout_loops_ring, nemelex_dance_club_becter, xom_teletrap_fun,
          mainiacjoe_overflow_catch_the_wave,
          amcnicky_mini_rare_corridor_liquid,
          nicolae_concentric_dashed_squares_mild, grunt_decor_arrowhead,
          kennysheep_potato, uniq_eustachio
D:7:      layout_basic, mainiacjoe_overflow_surrounded_room,
          mainiacjoe_overflow_24_doors, temple_pool_b, uniq_joseph
D:8:      minmay_gate_of_8, layout_loops_ring, minmay_lair_entry_lava,
          gup_ossuary_entry_pyramid
D:9:      minmay_shrinking_squares, layout_small_grid, cheibrodos_worm_habitat,
          nicolae_overflow_crystal_walls, overflow_temple_1_default
Temple:   nicolae_temple_cloud_nine

Notes
Turn   | Place    | Note
-------+----------+-------------------------------------------
     0 | D:1      | MackTheKnife the Merfolk Warper began the quest for the
                  | Orb.
     0 | D:1      | Reached XP level 1. HP: 16/16 MP: 3/3
     0 | D:1      | magus.rc [v1.9.6]
   129 | D:1      | Reached skill level 3 in Long Blades
   172 | D:1      | Reached XP level 2. HP: 14/22 MP: 5/5
   536 | D:1      | Reached skill level 4 in Long Blades
   640 | D:1      | Reached XP level 3. HP: 27/27 MP: 6/6
   923 | D:2      | Identified the ring of Youthful Indiscretion {rCorr Int+6}
   954 | D:2      | Learned a level 2 spell: Blink
  1048 | D:2      | You add the spells Sting, Poisonous Vapours and Olgreb's
                  | Toxic Radiance to your library.
  1329 | D:2      | Reached skill level 5 in Long Blades
  1329 | D:2      | Reached XP level 4. HP: 13/33 MP: 7/7
  1331 | D:2      | HP: 8/33 [poisoned by an adder]
  1336 | D:2      | HP: 5/33 [poisoned by an adder]
  1773 | D:2      | You pick up a book of Winter and begin reading...
  1773 | D:2      | You add the spells Ozocubu's Armour, Metabolic Englaciation
                  | and Simulacrum to your library.
  1996 | D:3      | Noticed Grinder
  1997 | D:3      | Paralysed by Grinder for 5 turns
  2006 | D:3      | HP: 6/33 [Grinder (3)]
  2009 | D:3      | Killed Grinder
  2010 | D:3      | Reached skill level 7 in Long Blades
  2010 | D:3      | Reached XP level 5. HP: 5/38 MP: 8/8
  2010 | D:3      | Reached XP level 6. HP: 6/44 MP: 9/9
  2383 | D:3      | Reached skill level 8 in Long Blades
  2383 | D:3      | Reached skill level 3 in Dodging
  2976 | D:4      | HP: 9/44 [iguana (10)]
  3215 | D:4      | Found Qoizutt's Distillery.
  3223 | D:4      | Bought a potion of heal wounds for 60 gold pieces
  3223 | D:4      | Bought a potion of heal wounds for 60 gold pieces
  3445 | D:4      | Found a basalt altar of Yredelemnul.
  3630 | D:4      | You pick up a book of Lightning and begin reading...
  3630 | D:4      | You add the spells Static Discharge, Lightning Bolt and
                  | Arcjolt to your library.
  3878 | D:4      | Noticed Natasha
  3883 | D:4      | Killed Natasha
  3884 | D:4      | Reached XP level 7. HP: 47/51 MP: 10/10
  4125 | D:5      | Entered Level 5 of the Dungeon
  4148 | D:5      | Reached skill level 4 in Dodging
  4400 | D:5      | Reached skill level 9 in Long Blades
  4473 | D:5      | You add the spells Malign Gateway and Summon Horrible
                  | Things to your library.
  4504 | D:5      | Found a broken altar of Ashenzari.
  4528 | D:5      | Noticed Blork the orc
  4531 | D:5      | Killed Blork the orc
  4582 | D:5      | Reached skill level 10 in Long Blades
  4885 | D:5      | Reached XP level 8. HP: 55/57 MP: 11/11
  5003 | D:5      | Identified the ring of Descent {Contam rElec Dex+2 SInv}
  5194 | D:5      | Found a sacrificial altar of Ru.
  5380 | D:5      | Reached skill level 11 in Long Blades
  5384 | D:5      | HP: 14/57 [poisoned by a water moccasin]
  5389 | D:5      | HP: 11/57 [poisoned by a water moccasin]
  5708 | D:6      | HP: 4/57 [ogre/+0 giant club (19)]
  5710 | D:6      | Reached skill level 12 in Long Blades
  6027 | D:6      | Found a bloodstained altar of Trog.
  6048 | D:6      | Reached XP level 9. HP: 58/62 MP: 12/12
  6092 | D:6      | Reached skill level 3 in Fighting
  6095 | D:6      | Reached skill level 5 in Dodging
  6101 | D:6      | Found a burning altar of Makhleb.
  6268 | D:6      | You pick up a book of Air and begin reading...
  6268 | D:6      | You add the spells Shock, Swiftness and Airstrike to your
                  | library.
  6375 | D:6      | Reached skill level 4 in Fighting
  6460 | D:6      | You fall into a shaft and drop 3 floors!
  6508 | D:9      | Noticed a hornet
  6519 | D:9      | Killed a hornet
  6520 | D:9      | Reached skill level 6 in Dodging
  6522 | D:9      | HP: 16/66 [poisoned by a hornet]
  6527 | D:9      | HP: 13/66 [poisoned by a hornet]
  6757 | D:8      | Reached skill level 5 in Fighting
  6763 | D:8      | HP: 16/68 [killer bee (7)]
  7050 | D:6      | Reached skill level 7 in Dodging
  7472 | D:6      | Reached skill level 6 in Fighting
  7590 | D:6      | Found a shimmering altar of Xom.
  7644 | D:6      | Noticed Eustachio
  7650 | D:6      | Killed Eustachio
  7651 | D:6      | Reached skill level 13 in Long Blades
  7701 | D:6      | Found a sparkling altar of Nemelex Xobeh.
  7952 | D:7      | Found a glowing silver altar of Zin.
  8086 | D:7      | Found an ancient bone altar of Kikubaaqudgha.
  8271 | D:7      | You pick up a book of Dreams and begin reading...
  8271 | D:7      | You add the spells Ensorcelled Hibernation, Spider Form and
                  | Anguish to your library.
  8309 | D:7      | Found a staircase to the Ecumenical Temple.
  8328 | Temple   | Entered the Ecumenical Temple
  8335 | Temple   | Became a worshipper of the Shining One
  8360 | D:7      | Reached XP level 10. HP: 72/75 MP: 13/13
  8491 | D:7      | Reached skill level 14 in Long Blades
  8600 | D:7      | Noticed Joseph
  8609 | D:7      | Killed Joseph
  8949 | D:8      | Noticed a fire crab
  8949 | D:8      | Found a staircase to the Lair.
  8961 | D:7      | HP: 9/76 [fire crab] (22)]
  8962 | D:7      | Engulfed by a fire crab's flame

Vanquished Creatures
  Joseph (D:7)
  A hornet (D:9)
  Grinder (D:3)
  A wyvern (D:7)
  Eustachio (D:6)
  3 water moccasins
  An orc warrior (D:7)
  A black bear (D:5)
  2 ogres (D:6)
  2 phantoms (D:5)
  A centaur (D:5)
  Blork the orc (D:5)
  A bullfrog (D:8)
  4 scorpions (D:6)
  2 necrophages
  12 wights
  4 killer bees (D:8)
  A howler monkey (D:5)
  An electric eel (D:6)
  3 orc priests
  A hound (D:6)
  2 jellies
  5 iguanas
  Natasha (D:4)
  2 orc wizards
  4 gnolls (D:6)
  9 adders
  A white imp (D:6)
  An ufetubus (D:5)
  2 worms (D:2)
  3 dart slugs
  20 orcs
  16 endoplasms
  3 giant cockroaches
  9 goblins
  3 hobgoblins
  8 jackals
  9 kobolds
  3 quokkas
  5 ball pythons
  4 bats
  3 frilled lizards
  4 rats
162 creatures vanquished.

Vanquished Creatures (others)
  A goblin (D:4)
1 creature vanquished.

Grand Total: 163 creatures vanquished

Table legend:
 A = Non-vault XP
 B = Vault XP
 C = Vault XP percentage of total XP
 D = Non-vault monster count
 E = Vault monster count
 F = Vault count percentage of total count
                 A         B        C        D         E       F
            +---------+---------+-------+---------+---------+-------
      Total |    4348 |    1200 |  21.6 |     152 |      10 |   6.2
            +---------+---------+-------+---------+---------+-------
        D:1 |      40 |       2 |   4.8 |      24 |       1 |   4.0
        D:2 |      91 |       0 |   0.0 |      29 |       0 |   0.0
        D:3 |      74 |     277 |  78.9 |      15 |       1 |   6.2
        D:4 |     129 |      36 |  21.8 |      13 |       1 |   7.1
        D:5 |     901 |     129 |  12.5 |      17 |       2 |  10.5
        D:6 |    1710 |     306 |  15.2 |      35 |       4 |  10.3
        D:7 |     766 |     450 |  37.0 |      13 |       1 |   7.1
        D:8 |     339 |       0 |   0.0 |       5 |       0 |   0.0
        D:9 |     298 |       0 |   0.0 |       1 |       0 |   0.0
            +---------+---------+-------+---------+---------+-------

Illustrated notes

Table legend:
 A = Kills in this place as a percentage of kills in entire the game.
 B = Kills by you in this place as a percentage of kills by you in the entire game.
 C = Kills by friends in this place as a percentage of kills by friends in the entire game.
 D = Other kills in this place as a percentage of other kills in the entire game.
 E = Experience gained in this place as a percentage of experience gained in the entire game.
 F = Experience gained in this place divided by the number of levels of this place that you have seen.
                   A       B       C       D       E      F
               +-------+-------+-------+-------+-------+----------------------
         Total | 100.0 | 100.0 |   N/A |   N/A | 100.0 | 554.8
       Dungeon | 100.0 | 100.0 |   N/A |   N/A | 100.0 | 616.4
               +-------+-------+-------+-------+-------+----------------------

Table legend: (Time is in decaauts)
 A = Elapsed time spent in this place.
 B = Non-inter-level travel time spent in this place.
 C = Inter-level travel time spent in this place.
 D = Time resting spent in this place.
 E = Time spent auto-exploring this place.
 F = Levels seen in this place.
 G = Mean time per level.
                   A        B        C        D        E       F      G
               +--------+--------+--------+--------+--------+-----+--------+
         Total |   8970 |   8625 |    345 |   2570 |   4441 |  10 |  897.0 |
       Dungeon |   8956 |   8617 |    339 |   2570 |   4441 |   9 |  995.1 |
        Temple |     13 |      7 |      6 |      0 |      0 |   1 |   13.0 |
               +--------+--------+--------+--------+--------+-----+--------+

Top non-repeatable levels by time:
     D:6: 1816 daAuts
     D:4: 1600 daAuts
     D:5: 1510 daAuts
     D:2: 1081 daAuts
     D:7: 999 daAuts
     D:1: 865 daAuts
     D:3: 757 daAuts
     D:9: 282 daAuts
     D:8: 43 daAuts
  Temple: 13 daAuts
